 Dungeon Crawl Stone Soup version 0.31-a0-1591-g515db51633 (webtiles) character file.

Game seed: 18005861322983156868

13576 bjtr the Covert (level 12, -10/60 HPs)
             Began as a Vine Stalker Enchanter on Jan 7, 2024.
             Was an Elder of Vehumet.
             Killed by divine providence
             ... invoked by an orc priest
             ... summoned by an orange crystal statue
              (16 damage)
             ... on level 11 of the Dungeon.
             The game lasted 01:16:34 (12688 turns).

bjtr the Covert (Vine Stalker Enchanter)           Turns: 12688, Time: 01:16:35

Health: -10/60     AC: 14    Str: 10    XL:     12   Next: 7%
Magic:  0/23       EV: 12    Int: 19    God:    Vehumet [****..]
Gold:   1616       SH: 11    Dex: 17    Spells: 2/25 levels left

rFire   + . .        x - +2 dagger (speed)
rCold   + . .        d - +0 buckler
rNeg    . . .        B - +2 ring mail {rF+}
rPois   .            h - +1 helmet
rElec   .            (no cloak)
rCorr   .            s - +1 pair of gloves
SInv    .            n - +1 pair of boots
Will    +....        W - amulet of reflection
Stlth   +++          U - ring of wizardry
HPRegen 1.10/turn    Z - ring of protection from cold
MPRegen 0.18/turn

%: reflection, guardian spirit, wizardry (x1)
@: no status effects
A: fangs 3, regeneration 1, magic shield, antimagic bite, no potion heal 2
a: Renounce Religion


You were on level 11 of the Dungeon.
You worshipped Vehumet.
Vehumet was greatly pleased with you.
You visited 2 branches of the dungeon, and saw 14 of its levels.
You also visited: Ice Cave.

You collected 2082 gold pieces.
You spent 466 gold pieces at shops.

Inventory:

Hand Weapons
 a - a +2 dagger
 x - a +2 dagger of speed (weapon)
 D - a +1 dagger of electrocution
 E - a +0 dagger of speed
 I - a +0 morningstar of venom
 M - a +2 short sword of venom
 P - a +4 antimagic dagger
 S - a +0 rapier
 T - a +1 long sword of protection
Missiles
 f - 5 curare-tipped darts (quivered)
Armour
 b - +0 acid dragon scales
 d - a +0 buckler (worn)
 h - a +1 helmet (worn)
 j - a +0 troll leather armour
 l - a +2 scale mail of poison resistance
 n - a +1 pair of boots (worn)
 r - a +2 robe of fire resistance
 s - a +1 pair of gloves (worn)
 A - a +1 scale mail of positive energy
 B - a +2 ring mail of fire resistance (worn)
 L - a +0 robe of resistance
 V - a +2 crystal plate armour of cold resistance
Jewellery
 N - a ring of wizardry
 O - an amulet of magic regeneration
 U - a ring of wizardry (left hand)
 W - an amulet of reflection (around neck)
 X - a ring of ice
 Z - a ring of protection from cold (right hand)
Talismans
 H - the flux talisman "Isahau" {Str+2}
   (You found it on level 7 of the Dungeon)

   [flux talisman]

   Str+2:     It affects your strength (+2).
Wands
 c - a wand of roots (1)
 u - a wand of flame (4)
 R - a wand of mindburst (4)
Scrolls
 m - 4 scrolls of poison
 t - 2 scrolls of amnesia
 v - 3 scrolls of teleportation
 y - a scroll of vulnerability
 F - a scroll of torment
 G - a scroll of butterflies
 Q - a scroll of enchant weapon
Potions
 e - 2 potions of ambrosia
 g - a potion of brilliance
 i - a potion of curing
 o - a potion of attraction
 p - a potion of might {unknown}
 q - 2 potions of berserk rage
 C - a potion of mutation {unknown}
 J - a potion of enlightenment
 K - 2 potions of haste


   Skills:
 + Level 5.5 Fighting
 + Level 7.9 Short Blades
 + Level 5.4 Armour
 + Level 5.3 Dodging
 + Level 8.6 Stealth
 + Level 5.5 Shields
 + Level 7.0 Spellcasting
 + Level 1.9 Conjurations
 + Level 6.3 Hexes
 + Level 4.5 Fire Magic


You had 2 spell levels left.
You knew the following spells:

 Your Spells              Type           Power      Damage    Failure   Level
a - Confusing Touch       Hex            30%        N/A       3%          3
b - Blink                 Tloc           12%        N/A       21%         2
c - Tukima's Dance        Hex            30%        N/A       3%          3
d - Inner Flame           Hex/Fire       27%        N/A       1%          3
e - Searing Ray           Conj           28%        2d5       2%          2
f - Stone Arrow           Conj/Erth      20%        3d8       7%          3
g - Mephitic Cloud        Conj/Alch/Air  9%         N/A       8%          3
h - Flame Wave            Conj/Fire      18%        2d7       9%          4

Your spell library contained the following spells:

 Spells                   Type           Power      Damage    Failure   Level
 Volatile Blastmotes      Fire/Tloc      30%        2d12      4%          3
 Foxfire                  Conj/Fire      72%        2x1d7     1%          1
 Momentum Strike          Conj/Tloc      20%        3d8       4%          2
 Ensorcelled Hibernation  Hex/Ice        36%        N/A       6%          2
 Lesser Beckoning         Tloc           12%        N/A       21%         2
 Dazzling Flash           Conj/Hex       44%        N/A       2%          3
 Sigil of Binding         Hex            30%        N/A       3%          3
 Sticky Flame             Fire/Alch      15%        2d5       13%         4
 Brom's Barrelling Bould  Conj/Erth      10%        2d3       21%         4
 Iskenderun's Mystic Bla  Conj/Tloc      10%        2d4       21%         4
 Fireball                 Conj/Fire      9%         3d6       22%         5
 Dimensional Bullseye     Hex/Tloc       9%         N/A       32%         4
 Iskenderun's Battlesphe  Conj           14%        2d7       34%         5
 Call Canine Familiar     Summ           6%         N/A       36%         3
 Summon Ice Beast         Ice/Summ       6%         N/A       36%         3
 Summon Mana Viper        Hex/Summ       18%        N/A       65%         5
 Starburst                Conj/Fire      9%         6d5       69%         6
 Plasma Beam              Fire/Air       7%         2x1d18    80%         6
 Conjure Ball Lightning   Conj/Air       5%         3x3d6     91%         6
 Orb of Destruction       Conj           7%         9d6       99%         7
 Monstrous Menagerie      Summ           3%         N/A       100%        7


Dungeon Overview and Level Annotations

Branches:
Dungeon (13/15)            Temple (1/1) D:6            Lair (0/5) D:10
  IceCv (visited)
    Orc: D:9-12      Vaults: D:13-14

Altars:
Ashenzari
Cheibriados
Dithmenos
Elyvilon
Fedhas
Gozag
Hepliaklqana
Kikubaaqudgha
Makhleb
Nemelex Xobeh
Okawaru
Qazlal
Ru
Sif Muna
Trog
Uskayaw
Vehumet
Wu Jian
Xom
Yredelemnul
Zin
The Shining One

Shops:
D:7 !   D:9 (*

Portals:
Bazaar: D:11

Annotations:
D:11 exclusion: orange crystal statue


Innate Abilities, Weirdness & Mutations

You have razor-sharp teeth.
Your natural rate of healing is unusually fast.
When hurt, damage is shared between your health and your magic reserves.
Your bite disrupts and absorbs the magic of your enemies.
Potions cannot restore your health.


Message History

The stinking cloud engulfs you.
The orc warrior is engulfed in noxious fumes.
The orc warrior appears confused.
The orc warrior hits you but does no damage.
The orc warrior is engulfed in noxious fumes.
The orc warrior appears confused.
The orc priest invokes the aid of Beogh against you.
Beogh smites you!
* * * LOW HITPOINT WARNING * * *
Unknown command.
The orc warrior's inner flame fades away.
The orc warrior barely misses something.
A magic dart appears from out of thin air!
The magic dart hits you but does no damage.
The orc priest invokes the aid of Beogh against you.
Beogh smites you!
* * * LOW HITPOINT WARNING * * *
Unknown command.
As you read the scroll of butterflies, it crumbles to dust.
You hear the flapping of tiny wings.
The orc warrior hits your butterfly with a +0 long sword.
Your butterfly is killed!
Your butterfly disappears in a burst of colours!
The orc priest hits your butterfly with a +0 club.
Your butterfly dies!
Your butterfly disappears in a burst of colours!
The orc barely misses your butterfly.
Something completely misses your butterfly.
Unknown command.
Unknown command.
You swap places.
The orc warrior barely misses your butterfly.
Something misses your butterfly.
You swap places.
The orc warrior hits your butterfly with a +0 long sword!
Your butterfly is killed!
Your butterfly disappears in a burst of colours!
The orc priest invokes the aid of Beogh against you.
Beogh smites you!
You die... ***,*,**♣♣.# #...# *,* **,****,*,♣.# #.ob# *,* *,****,*,*♣♣# #bbb#

*,*** ,**,*,*,** #o.o# *,,,,
**,*,**** ####bb.# *,,,,
*,**,,*****#.bbbbb# *,***
**,,***,,,,#bbbbbb# *,* *
,**,***,,,,#####bb# *,* *
,*,*,,+,,,,* #@b# *,***
*,**,,+,,,,* #b.# *,,,,
,,,*,*****+* #bb# #....
*,,*,**,,*,#####bb# #....
,***,**,,*,#......# #....
*,*,,**+**,#......# #...#
,*,,***,,,,#......###########...#
,,,** *+***#.....................
,,** *,,,*#.....................


You could see an orc warrior (summoned, confused, ally target), an orc priest
(summoned, ally target) and an orc (summoned, ally target).

Vanquished Creatures
  A white draconian (IceCv)
  Snorg (D:11)
  A two-headed ogre (D:10)
  An oklob plant (D:10)
  A cyclops (D:11)
  2 ice statues (IceCv)
  A gargoyle (D:11)
  An unseen horror (D:11)
  4 rime drakes (IceCv)
  2 ice devils (D:11)
  Psyche (D:11)
  A troll (D:11)
  2 wraiths
  12 yaks
  A vampire (D:10)
  2 vampire mosquitoes (D:10)
  2 acid dragons
  2 dancing weapons
  A water moccasin (D:8)
  Duvessa (D:7)
  3 ice beasts
  3 orc warriors
  A black bear (D:8)
  2 sky beasts (D:8)
  7 centaurs
  A kobold brigand (D:8)
  2 gnoll sergeants
  Blork the orc (D:5)
  2 scorpions
  A bullfrog (D:9)
  3 wights (D:8)
  Dowan (D:7)
  15 killer bees
  5 lindwurm simulacra (IceCv)
  5 howler monkeys
  4 electric eels
  4 bombardier beetles
  8 komodo dragon simulacra (IceCv)
  3 hounds
  4 jellies
  2 orc priests
  A gnoll bouda (D:8)
  4 iguanas
  13 orc wizards
  7 gnolls
  2 acid dragon simulacra (IceCv)
  4 adders
  3 white imps
  2 ufetubi (D:6)
  6 steam dragon simulacra (IceCv)
  4 ribbon worms (D:3)
  3 dart slugs
  32 orcs
  5 ball pythons
  4 bats (D:1)
  4 endoplasms
  A giant cockroach (D:1)
  3 goblins
  10 hobgoblins
  6 jackals
  3 quokkas
  5 frilled lizards
  10 kobolds
  2 rats (D:1)
251 creatures vanquished.

Vanquished Creatures (collateral kills)
  An orc wizard (D:10)
  3 gnolls
  An orc (D:9)
5 creatures vanquished.

Vanquished Creatures (others)
  2 dancing weapons
  A wraith (D:9)
3 creatures vanquished.

Grand Total: 259 creatures vanquished

Notes
Turn   | Place    | Note
-------+----------+-------------------------------------------
     0 | D:1      | bjtr the Vine Stalker Enchanter began the quest for the
                  | Orb.
     0 | D:1      | Reached XP level 1. HP: 9/9 MP: 4/4
   150 | D:1      | Reached XP level 2. HP: 13/13 MP: 6/6
   215 | D:1      | Reached skill level 4 in Stealth
   861 | D:2      | Reached skill level 1 in Short Blades
   861 | D:2      | Reached XP level 3. HP: 17/17 MP: 3/7
  1354 | D:3      | Identified a scroll of acquirement
  1354 | D:3      | Acquired 1027 gold pieces
  1545 | D:3      | Found a faded altar of an unknown god.
  1573 | D:3      | Found a burning altar of Makhleb.
  1692 | D:3      | Reached XP level 4. HP: 21/21 MP: 8/8
  1977 | D:3      | Reached skill level 1 in Fighting
  2494 | D:4      | Reached skill level 1 in Shields
  2579 | D:4      | Reached skill level 5 in Stealth
  2579 | D:4      | Reached XP level 5. HP: 16/25 MP: 4/9
  2985 | D:4      | Reached XP level 6. HP: 16/30 MP: 5/10
  3131 | D:4      | HP: 1/30 [burnt (3)]
  3214 | D:5      | Entered Level 5 of the Dungeon
  3272 | D:4      | Learned a level 3 spell: Confusing Touch
  3327 | D:5      | Noticed Blork the orc
  3336 | D:5      | Killed Blork the orc
  3337 | D:5      | Reached skill level 6 in Stealth
  3471 | D:5      | Reached XP level 7. HP: 13/35 MP: 9/11
  3792 | D:5      | Found a white marble altar of Elyvilon.
  4726 | D:6      | Reached skill level 5 in Short Blades
  4726 | D:6      | Gained mutation: You have razor-sharp teeth. [Vine Stalker
                  | growth]
  4726 | D:6      | Reached XP level 8. HP: 31/40 MP: 8/12
  4756 | D:6      | Reached skill level 7 in Stealth
  5054 | D:6      | Found a staircase to the Ecumenical Temple.
  5065 | Temple   | Entered the Ecumenical Temple
  5080 | Temple   | Became a worshipper of Vehumet
  5396 | D:7      | Found Ussog's Distillery.
  5728 | D:7      | Reached skill level 1 in Armour
  5856 | D:7      | Identified the flux talisman "Isahau" {Str+2}
  5868 | D:7      | Bought a potion of resistance for 150 gold pieces
  5868 | D:7      | Bought a potion of enlightenment for 75 gold pieces
  5868 | D:7      | Bought a potion of haste for 150 gold pieces
  5877 | D:7      | Reached * piety under Vehumet
  5877 | D:7      | Offered knowledge of Freeze by Vehumet.
  5878 | D:7      | Reached XP level 9. HP: 32/45 MP: 3/13
  6301 | D:7      | Noticed Duvessa
  6325 | D:7      | Found a snail-covered altar of Cheibriados.
  6325 | D:7      | Noticed Dowan
  6326 | D:7      | Found a hide-covered altar of Uskayaw.
  6495 | D:8      | Learned a level 2 spell: Blink
  6499 | D:8      | Learned a level 3 spell: Tukima's Dance
  6503 | D:8      | Learned a level 3 spell: Inner Flame
  7161 | D:8      | Offered knowledge of Searing Ray by Vehumet.
  7175 | D:8      | Learned a level 2 spell: Searing Ray
  7243 | D:8      | Found an opulent altar of Gozag.
  7394 | D:8      | Reached ** piety under Vehumet
  7395 | D:8      | Reached XP level 10. HP: 38/51 MP: 14/16
  7751 | D:7      | Killed Dowan
  7753 | D:7      | Killed Duvessa
  7979 | D:9      | Found Wom Pim's Antique Weapon Shop.
  8561 | D:9      | Reached skill level 1 in Fire Magic
  8837 | D:9      | Reached skill level 5 in Hexes
  9088 | D:9      | Found an iron altar of Okawaru.
  9122 | D:9      | Found Fets's CLEARANCE SALE!.
  9127 | D:9      | Bought a scroll of enchant weapon for 30 gold pieces
  9127 | D:9      | Bought a wand of mindburst (11) for 61 gold pieces
  9163 | D:9      | Reached skill level 5 in Spellcasting
  9296 | D:10     | Entered Level 10 of the Dungeon
  9297 | D:10     | Found an ornate altar of the Wu Jian Council.
  9460 | D:10     | Found a staircase to the Lair.
  9493 | D:10     | Noticed an oklob plant
  9613 | D:10     | Reached skill level 8 in Stealth
  9674 | D:10     | Offered knowledge of Stone Arrow by Vehumet.
  9928 | D:10     | Learned a level 3 spell: Stone Arrow
  9981 | D:10     | Reached skill level 5 in Fighting
  9981 | D:10     | Reached XP level 11. HP: 44/55 MP: 17/19
 10043 | D:10     | Noticed a two-headed ogre
 10101 | D:10     | Killed a two-headed ogre
 10332 | D:10     | Killed an oklob plant
 10333 | D:10     | Reached skill level 5 in Shields
 10357 | D:11     | Noticed Psyche
 10364 | D:11     | Killed Psyche
 10389 | D:11     | Reached skill level 5 in Dodging
 10513 | D:11     | You fall into a shaft and drop 2 floors!
 10517 | D:12     | Noticed a skeletal warrior
 10517 | D:12     | Noticed a manticore
 10599 | D:11     | Noticed Snorg
 10606 | D:11     | Killed Snorg
 10607 | D:11     | Reached skill level 5 in Armour
 10607 | D:11     | Reached skill level 1 in Conjurations
 10611 | D:11     | Noticed a cyclops
 10634 | D:11     | Reached *** piety under Vehumet
 10679 | D:11     | Killed a cyclops
 10764 | D:11     | Found a frozen archway.
 10933 | IceCv    | Entered an ice cave
 11075 | IceCv    | Offered knowledge of Mephitic Cloud by Vehumet.
 11081 | IceCv    | Learned a level 3 spell: Mephitic Cloud
 11272 | IceCv    | Learned a level 4 spell: Flame Wave
 11348 | IceCv    | Noticed a white draconian
 11367 | IceCv    | Reached **** piety under Vehumet
 11758 | IceCv    | Offered knowledge of Volatile Blastmotes by Vehumet.
 11828 | IceCv    | Killed a white draconian
 11829 | IceCv    | Reached XP level 12. HP: 40/60 MP: 2/23
 12431 | D:11     | Found a gateway to a bazaar.
 12650 | D:11     | Noticed a boulder beetle
 12685 | D:11     | HP: 3/60 [orc priest/divine providence[an orange crystal
                  | statue] (13)]
 12688 | D:11     | Killed from afar by an orc priest

Illustrated notes

Levels and vault maps discovered:
D:1:      dpeg_arrival_rooms_a, layout_basic, dreamdust_princess_bridge
D:2:      layout_basic
D:3:      layout_basic, mainiacjoe_overflow_tiny_flanked,
          shapermc_ecumenical_altar_hornbeckon
D:4:      layout_basic, supply_closet_lemuel
D:5:      layout_basic, nicolae_elyvilon_temple_path, uniq_blork_the_orc
D:6:      layout_basic, minmay_temple_entry_poolview, serial_bayou_lake_a
D:7:      layout_rooms, nicolae_overflow_hidden_temple, serial_shops, shop,
          kennysheep_potato, uniq_duvessa
D:8:      layout_loops_corners, lemuel_coloured_pillars_altar,
          kennysheep_cross_bottleneck
D:9:      layout_small_grid, okawaru_trees_1, serial_shops,
          nicolae_take_the_stairs, nicolae_shop_clearance
D:10:     layout_basic, mainiacjoe_overflow_concentric_impassable,
          dpeg_oklobed_lair
D:11:     wad_woods_structure_01, layout_small_grid, serial_shops, statue_bzr,
          portal_ice_cave_demonic_guard, uniq_harold, uniq_snorg, uniq_psyche
D:12:     layout_big_octagon, orc_0_dummy, uniq_jorgrun
D:13:     minmay_the_grid_square_5x5_4x4 [minmay_the_grid_square_5x5_bridge,
          minmay_the_grid_square_5x5_eight_small,
          minmay_the_grid_square_5x5_spiral_small,
          minmay_the_grid_square_5x5_three, minmay_the_grid_square_5x5_seven,
          minmay_the_grid_square_5x5_prize_monsterx,
          minmay_the_grid_square_5x5_prize_snowflake,
          minmay_the_grid_square_5x5_beaten_path,
          minmay_the_grid_square_5x5_trominoes,
          minmay_the_grid_square_5x5_prize_gold,
          minmay_the_grid_square_5x5_prize_junk, minmay_the_grid_square_5x5_c,
          minmay_the_grid_square_5x5_hourglass,
          minmay_the_grid_square_5x5_eight,
          minmay_the_grid_square_5x5_sharp_hourglass,
          minmay_the_grid_square_5x5_dogpile], layout_loops_ring,
          hellmonk_vaults_attempted_burglary, serial_demonic, serial_demonic_f,
          serial_demonic_g, serial_demonic_b, serial_demonic_e, drop_trap,
          uniq_rupert, uniq_kirke
Temple:   hellmonk_temple_of_storms

Skill      XL: |  1  2  3  4  5  6  7  8  9 10 11 12 |
---------------+-------------------------------------+-----
Stealth        | 4 5 6 7 8 |  8.6
Short Blades   | 1 2 3 5 6 7 |  7.9
Fighting       | 1 2 3 4 5 |  5.5
Shields        | 1 2 3 4 5 |  5.5
Dodging        | 2 3 4 5 |  5.3
Armour         | 1 3 4 5 |  5.4
Hexes          | 4 5 6 |  6.3
Spellcasting   | 3 5 6 7 |  7.0
Fire Magic     | 2 4 |  4.5
Conjurations   | 1 |  1.9

Action                     |  1- 3 |  4- 6 |  7- 9 | 10-12 || total
---------------------------+-------+-------+-------+-------++-------
  Melee: Dagger            |   118 |   201 |   572 |   707 ||  1598
         Bite              |    25 |    71 |   216 |   320 ||   632
         Short sword       |       |     1 |       |       ||     1
  Throw: Dart              |       |       |       |     2 ||     2
   Cast: Confusing Touch   |       |       |     3 |     2 ||     5
         Tukima's Dance    |       |       |     7 |    10 ||    17
         Inner Flame       |       |       |     1 |    55 ||    56
         Searing Ray       |       |       |       |    25 ||    25
         Stone Arrow       |       |       |       |     5 ||     5
         Mephitic Cloud    |       |       |       |     1 ||     1
  Evoke: Wand              |       |       |    11 |    11 ||    22
    Use: Scroll            |     9 |     5 |     9 |    11 ||    34
         Potion            |       |       |     2 |     4 ||     6
   Stab: Sleeping          |     7 |     6 |     6 |     4 ||    23
         Distracted        |     1 |       |       |     1 ||     2
         Confused          |       |       |     2 |       ||     2
         Invisible         |       |       |       |     4 ||     4
 Armour: Robe              |    56 |    25 |   101 |       ||   182
         Leather armour    |       |   102 |       |       ||   102
         Ring mail         |       |       |   239 |   406 ||   645
         Acid dragon scale |       |       |       |    48 ||    48
         Skin              |       |       |       |     1 ||     1
  Dodge: Dodged            |    60 |    83 |   229 |   180 ||   552
  Block: Buckler           |    17 |    39 |   100 |   125 ||   281

Table legend: (Time is in decaauts)
 A = Elapsed time spent in this place.
 B = Non-inter-level travel time spent in this place.
 C = Inter-level travel time spent in this place.
 D = Time resting spent in this place.
 E = Time spent auto-exploring this place.
 F = Levels seen in this place.
 G = Mean time per level.
                   A        B        C        D        E       F      G
               +--------+--------+--------+--------+--------+-----+--------+
         Total |  12191 |  11550 |    641 |   1904 |   5815 |  15 |  812.7 |
       Dungeon |  11180 |  10553 |    627 |   1418 |   5668 |  13 |  860.0 |
        Temple |     30 |     16 |     14 |      0 |      0 |   1 |   30.0 |
      Ice Cave |    980 |    980 |      0 |    486 |    147 |   1 |  980.0 |
               +--------+--------+--------+--------+--------+-----+--------+

Top non-repeatable levels by time:
     D:8: 1641 daAuts
    D:11: 1173 daAuts
     D:6: 1139 daAuts
     D:4: 1134 daAuts
     D:5: 1050 daAuts
     D:7: 1003 daAuts
   IceCv: 980 daAuts
    D:10: 949 daAuts
     D:9: 916 daAuts
     D:3: 816 daAuts
     D:1: 788 daAuts
     D:2: 554 daAuts
  Temple: 30 daAuts
    D:12: 8 daAuts
    D:13: 3 daAuts
